 Dungeon Crawl Stone Soup version 0.29.1-12-g30fa7ad0bf (webtiles) character file.

Game seed: 602448567174438035

150089 croobank the Covert (level 16, -1/116 (129) HPs)
             Began as a Demonspawn Conjurer on Jan 16, 2023.
             Was an Initiate of Gozag.
             Succumbed to Arachne's poison arrow
             ... on level 2 of the Spider Nest on Jan 17, 2023.
             The game lasted 03:52:26 (37830 turns).

croobank the Covert (Demonspawn Conjurer)          Turns: 37830, Time: 03:52:26

HP:   -1/116 (129)  AC: 24    Str: 13    XL:     16   Next: 98%
MP:   31/31         EV: 17    Int: 33    God:    Gozag
Gold: 1164          SH:  4    Dex: 14    Spells: 15/37 levels left

rFire   + . .      SeeInvis +   A - +7 demon whip (elec)
rCold   + + .      Faith    .   (no shield)
rNeg    . . .      Spirit   .   t - +4 troll leather armour
rPois   +          Reflect  .   x - +0 hat of Dramatic Exits {rF+ Dex+3}
rElec   +          Harm     .   p - +1 cloak "Dajadgh" {Int+7}
rCorr   .          Rampage  .   s - +1 pair of gloves
Will    +....                   (no boots)
Stlth   ++++......              l - amulet of magic regeneration
HPRegen 1.09/turn               L - ring of poison resistance
MPRegen 0.62/turn               q - ring of Plog {rElec rC+ Str+3 SInv Stlth-}

@: brilliant, lethally poisoned (-1 -> -7), gold aura, heavily drained
A: icy blue scales 3, foul stench 1, icemail 2, condensation shield, weakness
stinger 2
a: Renounce Religion, Potion Petition, Call Merchant, Bribe Branch


You were on level 2 of the Spider Nest.
You worshipped Gozag.
Gozag was most pleased with you.
You visited 4 branches of the dungeon, and saw 26 of its levels.

You collected 8309 gold pieces.
You spent 4365 gold pieces at shops.
You paid 2780 gold pieces to Gozag.

Inventory:

Hand Weapons
 e - a +2 dagger of speed
 n - the +4 flail of Yeast {antimagic, Will+}
   (You bought it in a shop on level 7 of the Dungeon)

   It reduces the magical energy of the wielder, and disrupts the spells and
   magical abilities of those it strikes.
   Natural abilities and divine invocations are not affected.
   Will:      It increases your willpower.
 u - the +7 spear of Welfare {vorpal, *Rage Will++}
   (You found it on level 5 of the Lair of Beasts)

   It inflicts extra damage upon your enemies.
   *Rage:     It berserks you when you make melee attacks (+20% chance).
   Will:      It greatly increases your willpower.
 A - a +7 demon whip of electrocution (weapon)
 D - the +7 falchion of the Soft God {flame, +Blink rPois Str-2 Stlth+}
   (You found it on level 13 of the Dungeon)

   It burns those it strikes, dealing additional fire damage.
   Big, fiery blades are also staple armaments of hydra-hunters.
   Str:       It affects your strength (-2).
   rPois:     It protects you from poison.
   +Blink:    It lets you blink.
   Stlth:     It makes you more stealthy.
Armour
 c - the +3 buckler of the Untouchables {Str+3 SInv}
   (You acquired it on level 2 of the Dungeon)

   Str:       It affects your strength (+3).
   SInv:      It lets you see invisible.
 g - a +2 robe of resistance
 p - the +1 cloak "Dajadgh" (worn) {Int+7}
   (You found it on level 2 of the Dungeon)

   Int:       It affects your intelligence (+7).
 s - a +1 pair of gloves (worn)
 t - a +4 troll leather armour (worn)
 x - the +0 hat of Dramatic Exits (worn) {rF+ Dex+3}
   (You bought it in a shop on level 2 of the Orcish Mines)

   Dex:       It affects your dexterity (+3).
   rF:        It protects you from fire.
Jewellery
 f - a +6 ring of strength
 l - an amulet of magic regeneration (around neck)
 m - a ring of magical power
 q - the ring of Plog (right hand) {rElec rC+ Str+3 SInv Stlth-}
   (You bought it in a shop on level 2 of the Orcish Mines)

   [ring of see invisible]

   Str:       It affects your strength (+3).
   rC:        It protects you from cold.
   rElec:     It insulates you from electricity.
   SInv:      It lets you see invisible.
   Stlth:     It makes you less stealthy.
 z - a +6 ring of dexterity
 E - the ring of Ubiduv {+Blink rElec rN+ Int+6}
   (You acquired it on level 13 of the Dungeon)

   [ring of intelligence]

   Int:       It affects your intelligence (+6).
   rElec:     It insulates you from electricity.
   rN:        It protects you from negative energy.
   +Blink:    It lets you blink.
 I - a ring of flight
 L - a ring of poison resistance (left hand)
 X - a ring of resist corrosion
 Y - a ring of protection from fire
Wands
 j - a wand of flame (36)
 F - a wand of mindburst (27)
 H - a wand of paralysis (1)
 K - a wand of light (4)
 O - a wand of roots (2)
Scrolls
 a - 4 scrolls of poison
 h - 2 scrolls of blinking
 v - 9 scrolls of teleportation
 y - 2 scrolls of fog
 C - 10 scrolls of identify
 M - 2 scrolls of immolation
 P - 4 scrolls of brand weapon
 R - a scroll of enchant armour
 U - a scroll of fear
Potions
 b - 3 potions of magic
 d - 8 potions of curing
 i - 5 potions of resistance
 k - 3 potions of attraction
 r - 2 potions of might
 w - 10 potions of lignification
 B - 2 potions of brilliance
 J - a potion of flight
 N - a potion of heal wounds
 S - 3 potions of mutation
 Z - 3 potions of ambrosia
Miscellaneous
 G - a phial of floods (inert)
 Q - a condenser vane (inert)


   Skills:
 + Level 12.4 Fighting
 + Level 7.2 Maces & Flails
 - Level 3.0 Armour
 + Level 11.6 Dodging
 + Level 12.5 Stealth
 - Level 5.0 Shields
 + Level 11.4 Spellcasting
 - Level 11.7 Conjurations
 - Level 7.0 Hexes
 + Level 4.8 Summonings
 - Level 9.0 Translocations
 - Level 4.3 Transmutations


You had 15 spell levels left.
You knew the following spells:

 Your Spells              Type           Power      Damage    Failure   Level
a - Magic Dart            Conj           100%       1d8       1%          1
b - Searing Ray           Conj           100%       2d8       1%          2
c - Dazzling Flash        Conj/Hex       100%       N/A       1%          3
d - Iskenderun's Mystic   Conj/Tloc      92%        2d18      1%          4
e - Fulminant Prism       Conj/Hex       44%        3d20      1%          4
f - Tukima's Dance        Hex            78%        N/A       1%          3
g - Yara's Violent Unrav  Hex/Tmut       35%        3d14      9%          5

Your spell library contained the following spells:

 Spells                   Type           Power      Damage    Failure   Level
 Ensorcelled Hibernation  Hex/Ice        100%       N/A       1%          2
 Static Discharge         Conj/Air       72%        3-12/arc  1%          2
 Confusing Touch          Hex            78%        N/A       1%          3
 Gell's Gravitas          Tloc           87%        N/A       1%          3
 Lesser Beckoning         Tloc           87%        N/A       1%          3
 Portal Projectile        Hex/Tloc       100%       N/A       1%          3
 Teleport Other           Tloc           87%        N/A       1%          3
 Passage of Golubria      Tloc           87%        N/A       1%          4
 Necrotise                Necr           100%       1d9       3%          1
 Spider Form              Tmut/Pois      50%        N/A       3%          3
 Poisonous Vapours        Pois/Air       56%        N/A       4%          2
 Summon Forest            Summ/Tloc      38%        N/A       4%          5
 Anguish                  Hex/Necr       29%        N/A       8%          4
 Summon Mana Viper        Hex/Summ       72%        N/A       8%          5
 Ozocubu's Armour         Ice            28%        N/A       10%         3
 Vampiric Draining        Necr           28%        2d8       10%         3
 Dispersal                Tloc           43%        N/A       12%         6
 Petrify                  Tmut/Erth      50%        N/A       13%         4
 Blade Hands              Tmut           32%        N/A       14%         5
 Metabolic Englaciation   Hex/Ice        29%        N/A       21%         5
 Silence                  Hex/Air        29%        N/A       21%         5
 Dispel Undead            Necr           28%        3d13      30%         4
 Starburst                Conj/Fire      36%        6d11      38%         6
 Summon Cactus Giant      Summ           33%        N/A       54%         6
 Agony                    Necr           28%        N/A       65%         5
 Enfeeble                 Hex            39%        N/A       83%         7
 Statue Form              Tmut/Erth      33%        N/A       89%         6
 Death Channel            Necr           14%        N/A       99%         6
 Lehudib's Crystal Spear  Conj/Erth      36%        10d9      100%        8
 Corpse Rot               Necr/Pois/Air  Unusable   N/A       N/A         4
 Simulacrum               Ice/Necr       Unusable   N/A       N/A         6

Dungeon Overview and Level Annotations

Branches:
Dungeon (15/15)            Temple (0/1) D:4            Lair (5/5) D:9
 Shoals (0/4) Lair:2       Spider (4/4) Lair:2        Slime (0/5) Lair:5
    Orc (2/2) D:11            Elf (0/3) Orc:2        Vaults (0/5) D:13
 Depths (0/4) D:15

Altars:
Gozag
Makhleb
Nemelex Xobeh
Qazlal
Ru
Sif Muna
Trog
Uskayaw
Vehumet
Wu Jian
Yredelemnul
Jiyva

Shops:
D:3 =*   D:7 *([   D:12 *   D:13 :   Orc:1 !   Orc:2 *[(=

Annotations:
D:3 2 transporters, hawla's ghost, weakling MeIE
D:9 3 runed translucent doors, 1 transporter, SirLogeyBear's ghost, journeyman HOBe
D:12 1 runed translucent door, Zoegat's ghost, journeyman MiAK
Spider:3 Arachne


Innate Abilities, Weirdness & Mutations

You are completely covered in icy blue scales. (AC +4, rC+)
You may rarely emit foul miasma when damaged in melee.
A meltable icy envelope protects you from harm. (AC +8)
A meltable shield of frost defends you. (SH +4)
You have a tail ending in a sharp stinger.


Message History

You hear a skittering sound.
You feel sick.
Arachne is no longer blind.
The jorogumo stares at you and mumbles some strange words.
The bolt of negative energy hits you!
You feel drained.
* * * LOW HITPOINT WARNING * * *
Casting: Searing Ray (safe; 1% risk of failure)
Confirm with . or Enter, or press ? or * to list all spells.
Okay, then. [a] - 200 gold - haste [b] - 425 gold - heal wounds, brilliance and magic [c] - 900 gold - lignification, might, resistance, heal wounds and magic Purchase which effect?
You feel much better.
You feel clever all of a sudden. Magic courses through your body.
You feel sick.
A wolf spider comes into view.
Arachne misses you.
You feel sick. The jorogumo casts a spell at you.
The bolt of negative energy hits you!
You feel drained.
Arachne hits you with a staff of poison!!
* * * LOW HITPOINT WARNING * * *
Arachne envenoms you.
* * * LOW HITPOINT WARNING * * *
You are more poisoned.
You climb upwards.
You feel sick.
There is a stone staircase leading down here.
Blink to where?
Press: ? - help, Dir - move target
As you read the scroll of blinking, it crumbles to dust.
You feel sick.
You feel sick.
Arachne stares at you and mumbles some strange words.
The poison arrow hits you!
You are more poisoned.
You partially resist.
* * * LOW HITPOINT WARNING * * *
You climb upwards.
You die...
Your body crumbles into a pile of gold.

#........#^.###.#...##
#...#...^#.##.#....##
#...##.#..........^#
#...........#....###
###..........#>.##
#.#.##.......#...#
#........^#..#..##
#....##...#^.....#
#..#....@......###
#..#.....##.....# ###
#..#.....#......# #^.
#....#..###..#.## ###.
#.......#....###### #...
#......^..##......# #...
#..##.#...........####)..
#..#.........#...###>....
#..##.....^#...#.#.......


There were no monsters in sight!

Vanquished Creatures
  Jorgrun (Orc:1)
  Agnes (Spider:1)
  An orc warlord (Orc:1)
  Louise (Spider:2)
  An emperor scorpion (Spider:3)
  A juggernaut skeleton (D:14)
  Nessos (D:14)
  An entropy weaver (Spider:2)
  Azrael (D:13)
  2 ettins (Orc:2)
  A great orb of eyes (D:15)
  Harold (Lair:2)
  3 vault guards (D:13)
  4 boulder beetles
  11 hydras
  4 ogre magi
  4 radroaches
  16 two-headed ogres
  8 centaur warriors
  2 catoblepae
  8 death yaks
  3 soul eaters (D:13)
  A skeletal warrior (D:12)
  5 pharaoh ants
  2 deep trolls
  2 goliath frogs (Lair:5)
  A spark wasp zombie (D:14)
  8 orb spiders
  3 steelbarb worms
  2 orc knights (Orc:1)
  Pikel (D:5)
  A tengu zombie (D:14)
  2 wizards
  A fire giant zombie (D:14)
  2 orc sorcerers (Orc:2)
  A frost giant zombie (D:14)
  2 deep elf pyromancers
  A tengu skeleton (D:14)
  An oklob plant (Lair:2)
  9 wolf spiders
  7 cyclopes
  3 moths of wrath
  17 ugly things
  A manticore (Lair:2)
  6 elephants
  4 torpor snails
  10 black mambas
  A spriggan zombie (D:14)
  4 demonic crawlers
  16 cane toads
  3 unseen horrors
  5 rime drakes
  2 tengu conjurers (D:13)
  8 komodo dragons
  5 yaktaurs
  18 trolls
  3 polar bears
  A wind drake (Lair:2)
  A queen bee (shapeshifter) (D:14)
  3 meliai (Spider:4)
  9 tarantellas
  A hornet (D:8)
  3 tyrant leeches (Lair:5)
  26 slime creatures
  An ettin zombie (D:14)
  18 blink frogs
  10 culicivoras
  A spriggan skeleton (D:14)
  A ynoxinul (D:9)
  A vampire (D:12)
  2 shadows (D:11)
  3 fire elementals (D:14)
  22 yaks
  15 jumping spiders
  2 wyverns
  A wraith (D:12)
  17 humans (D:13)
  5 basilisks
  A steam dragon (D:7)
  35 redbacks
  2 two-headed ogre zombies (D:11)
  Menkaure (D:4)
  16 vampire mosquitoes
  A warg (Orc:1)
  19 water moccasins
  3 acid dragons
  A glowing shapeshifter skeleton (D:14)
  4 hell hounds
  Duvessa (D:5)
  20 orc warriors
  A sky beast (D:8)
  A black bear (D:8)
  2 ice beasts
  27 ogres
  9 wolves
  16 centaurs
  A phantom (D:11)
  A lemure (D:5)
  A kobold brigand (D:10)
  16 bullfrogs
  2 gnoll sergeants
  3 necrophages
  3 wights
  Dowan (D:5)
  2 troll zombies (D:11)
  10 killer bees (D:9)
  2 howler monkeys
  2 electric eels
  15 orc priests
  A hound (D:6)
  4 jellies
  An iguana (D:5)
  Natasha (thrice) (D:4)
  20 orc wizards
  4 ogre zombies (D:11)
  14 gnolls
  7 adders
  5 white imps
  5 ufetubi
  A worm (D:2)
  2 dart slugs
  59 orcs
  4 bats
  9 endoplasms
  4 giant cockroaches
  8 goblins
  3 hobgoblins
  4 quokkas
  7 ball pythons
  3 frilled lizards
  A goblin skeleton (D:11)
  A goblin zombie (D:11)
  2 hobgoblin zombies (D:11)
  9 kobolds
  3 orc skeletons (D:11)
  16 orc zombies (D:11)
  9 rats
  14 fulminant prisms
819 creatures vanquished.

Vanquished Creatures (collateral kills)
  A titan (shapeshifter) (D:15)
  An emperor scorpion (Spider:2)
  A broodmother (Spider:2)
  2 culicivoras (Spider:2)
  3 jumping spiders (Spider:2)
  2 redbacks (Spider:2)
10 creatures vanquished.

Vanquished Creatures (others)
  A boulder beetle (D:12)
  A wolf spider (Spider:3)
  A demonic crawler (Spider:4)
  A jumping spider (Spider:3)
  A culicivora (Spider:4)
  A redback (Spider:2)
  2 orc wizards
  237 fulminant prisms
  26 fungi
  110 plants
381 creatures vanquished.

Grand Total: 1210 creatures vanquished

Notes
Turn   | Place    | Note
-------+----------+-------------------------------------------
     0 | D:1      | croobank the Demonspawn Conjurer began the quest for the
                  | Orb.
     0 | D:1      | Reached XP level 1. HP: 13/13 MP: 3/3
    23 | D:1      | Found a faded altar of an unknown god.
   306 | D:1      | Gained mutation: A meltable shield of frost defends you.
                  | (SH +4) [demonic ancestry]
   306 | D:1      | Reached XP level 2. HP: 13/19 MP: 0/5
  1568 | D:2      | Learned a level 2 spell: Searing Ray
  1574 | D:2      | Gained mutation: You may rarely emit foul miasma when
                  | damaged in melee. [demonic ancestry]
  1574 | D:2      | Reached XP level 3. HP: 24/24 MP: 4/6
  1578 | D:2      | Learned a level 3 spell: Dazzling Flash
  2306 | D:2      | Reached skill level 1 in Fighting
  2306 | D:2      | Reached XP level 4. HP: 32/32 MP: 7/7
  2411 | D:2      | Identified the +1 cloak "Dajadgh" {Int+7}
  2707 | D:2      | Identified a scroll of acquirement
  2707 | D:2      | Acquired the +3 buckler of the Untouchables {Str+3 SInv}
  2738 | D:3      | Found a transporter.
  2818 | D:3      | Found Demoj's General Store.
  3116 | D:3      | Noticed an ice beast
  3124 | D:3      | Killed an ice beast
  3125 | D:3      | Reached skill level 1 in Hexes
  3125 | D:3      | Reached XP level 5. HP: 19/38 MP: 7/9
  3288 | D:3      | Found Caik's Jewellery Shoppe.
  3354 | D:3      | Found a transporter.
  3360 | D:3      | Noticed hawla's ghost (weakling MeIE)
  3520 | D:4      | Found a hide-covered altar of Uskayaw.
  3561 | D:4      | Noticed Menkaure
  3568 | D:4      | Killed Menkaure
  3569 | D:4      | Reached skill level 1 in Shields
  3569 | D:4      | Gained mutation: You are partially covered in icy blue
                  | scales. (AC +2) [demonic ancestry]
  3569 | D:4      | Reached XP level 6. HP: 41/46 MP: 10/10
  3818 | D:4      | Found a burning altar of Makhleb.
  3824 | D:4      | Learned a level 4 spell: Iskenderun's Mystic Blast
  3873 | D:4      | Noticed Pikel
  3876 | D:5      | Entered Level 5 of the Dungeon
  4136 | D:5      | Gained mutation: You are mostly covered in icy blue scales.
                  | (AC +3) [demonic ancestry]
  4136 | D:5      | Reached XP level 7. HP: 52/52 MP: 11/11
  4185 | D:5      | Reached skill level 5 in Conjurations
  4204 | D:5      | Noticed Duvessa
  4204 | D:5      | Noticed Dowan
  4212 | D:5      | Killed Dowan
  4219 | D:5      | Killed Duvessa
  5371 | D:5      | Reached skill level 1 in Translocations
  5538 | D:6      | Noticed a yak
  5552 | D:6      | Noticed a yak
  5560 | D:6      | Killed a yak
  5577 | D:5      | Killed a yak
  5578 | D:5      | Gained mutation: You are completely covered in icy blue
                  | scales. (AC +4, rC+) [demonic ancestry]
  5578 | D:5      | Reached XP level 8. HP: 25/59 MP: 4/13
  6133 | D:6      | Noticed a troll
  6145 | D:6      | Killed a troll
  6685 | D:6      | Reached skill level 1 in Armour
  6900 | D:5      | Reached XP level 9. HP: 65/65 MP: 15/15
  7622 | D:7      | Found a radiant altar of Vehumet.
  7687 | D:7      | Found Ciohan's Armour Boutique.
  7919 | D:7      | Reached skill level 5 in Stealth
  7975 | D:7      | Found Qigevamn's Assorted Antiques.
  8012 | D:7      | Found Nazeg's Antique Weapon Emporium.
  8462 | D:7      | Reached skill level 5 in Fighting
  8635 | D:8      | Reached skill level 5 in Spellcasting
  8714 | D:8      | Reached XP level 10. HP: 74/74 MP: 17/17
  9261 | D:8      | Reached skill level 5 in Dodging
  9908 | D:9      | You fall into a shaft and drop 3 floors!
  9916 | D:12     | Noticed a two-headed ogre
 10125 | D:10     | Entered Level 10 of the Dungeon
 10182 | D:9      | Found a staircase to the Lair.
 10604 | D:9      | Found an opulent altar of Gozag.
 10676 | D:9      | Became a worshipper of Gozag Ym Sagoz the Greedy
 10736 | D:9      | Found a runed translucent gate.
 10736 | D:9      | Found a runed translucent gate.
 10736 | D:9      | Found a runed translucent gate.
 10786 | D:9      | Reached skill level 5 in Hexes
 10927 | D:9      | Found a basalt altar of Yredelemnul.
 11035 | D:9      | Found a sparkling altar of Nemelex Xobeh.
 11035 | D:9      | Found a transporter.
 11097 | D:9      | Found a bloodstained altar of Trog.
 11198 | D:9      | Found a shimmering blue altar of Sif Muna.
 11222 | D:9      | Got Sif Muna's Reference Book on Energetic Conduction
 11289 | D:9      | Found a stormy altar of Qazlal.
 11480 | D:9      | Noticed SirLogeyBear's ghost (journeyman HOBe)
 11675 | D:5      | Killed Pikel
 11747 | D:4      | Noticed Natasha
 11756 | D:4      | Killed Natasha
 11766 | D:4      | Found a staircase to the Ecumenical Temple.
 11956 | D:4      | Noticed Natasha
 11962 | D:4      | Killed Natasha
 12142 | D:4      | Noticed Natasha
 12148 | D:4      | Killed Natasha
 12558 | D:10     | Reached skill level 5 in Shields
 12886 | D:10     | Noticed a two-headed ogre
 12902 | D:10     | Killed a two-headed ogre
 13246 | D:11     | Gained mutation: You have a small tail. [demonic ancestry]
 13246 | D:11     | Reached XP level 11. HP: 59/81 MP: 19/19
 14022 | D:11     | Found a staircase to the Orcish Mines.
 14057 | D:11     | Reached skill level 5 in Translocations
 14565 | D:10     | Found an ornate altar of the Wu Jian Council.
 14627 | Lair:1   | Entered Level 1 of the Lair of Beasts
 14630 | Lair:1   | Noticed a five-headed hydra
 14644 | Lair:1   | Killed a five-headed hydra
 15902 | Lair:2   | Found a staircase to the Shoals.
 16135 | Lair:2   | Noticed Harold
 16209 | Lair:2   | Found a hole to the Spider Nest.
 16245 | Lair:2   | Learned a level 4 spell: Fulminant Prism
 16245 | Lair:2   | Noticed an oklob plant
 16280 | Lair:2   | Killed Harold
 16281 | Lair:2   | Gained mutation: A meltable icy envelope protects you from
                  | harm. (AC +8) [demonic ancestry]
 16281 | Lair:2   | Reached XP level 12. HP: 64/91 MP: 22/22
 16666 | D:3      | Bought a ring of resist corrosion for 280 gold pieces
 16666 | D:3      | Bought a ring of protection from fire for 350 gold pieces
 17193 | Lair:3   | Noticed a five-headed hydra
 17213 | Lair:3   | Killed a five-headed hydra
 17509 | Lair:3   | Noticed an eight-headed hydra
 17511 | Lair:3   | Noticed a five-headed hydra
 17751 | Lair:3   | Killed a five-headed hydra
 17841 | Lair:3   | You fall into a shaft and drop 2 floors!
 17841 | Lair:5   | Entered Level 5 of the Lair of Beasts
 18098 | Lair:3   | Killed an eight-headed hydra
 18638 | Lair:4   | Noticed an eight-headed hydra
 18661 | Lair:4   | Killed an eight-headed hydra
 18692 | Lair:4   | Noticed a death yak
 18700 | Lair:4   | Noticed a death yak
 18700 | Lair:4   | Noticed a death yak
 18700 | Lair:4   | Noticed a death yak
 18712 | Lair:3   | Killed a death yak
 18903 | Lair:4   | Killed a death yak
 19200 | Lair:3   | Killed a death yak
 19603 | Lair:3   | Killed a death yak
 19604 | Lair:3   | Reached XP level 13. HP: 74/99 MP: 8/25
 20648 | Lair:5   | Reached skill level 10 in Conjurations
 22614 | Lair:5   | Found a viscous altar of Jiyva.
 22615 | Lair:5   | Found a staircase to the Slime Pits.
 23242 | Lair:5   | Acquired a +4 demon whip of electrocution
 23302 | Lair:5   | Identified the +7 spear of Welfare {vorpal, *Rage Will++}
 23387 | Lair:5   | Gained mutation: A meltable icy envelope protects you from
                  | harm. (AC +8) [demonic ancestry]
 23387 | Lair:5   | Reached XP level 14. HP: 109/109 MP: 27/27
 23742 | D:7      | Bought a jewelled flail for 178 gold pieces
 23742 | D:7      | Identified the +4 flail of Yeast {antimagic, Will+} (You
                  | bought it in a shop on level 7 of the Dungeon)
 23770 | D:7      | Bought a +2 robe of resistance for 527 gold pieces
 23855 | Orc:1    | Entered Level 1 of the Orcish Mines
 23956 | Orc:2    | Entered Level 2 of the Orcish Mines
 24008 | Orc:1    | Noticed Jorgrun
 24034 | Orc:1    | Killed Jorgrun
 24035 | Orc:1    | Reached skill level 1 in Maces & Flails
 24035 | Orc:1    | Reached skill level 10 in Stealth
 24251 | Orc:2    | Found a staircase to the Elven Halls.
 24262 | Orc:2    | Paralysed by an orc sorcerer for 2 turns
 24314 | Orc:2    | Reached skill level 10 in Fighting
 25318 | Orc:2    | Found Piggiv's Antique Weapon Boutique.
 25319 | Orc:2    | Found Pyklugh's General Store.
 25324 | Orc:2    | Found Exenetitucs's Jewellery Shoppe.
 25333 | Orc:2    | Found Tockyas's Antique Armour Boutique.
 25337 | Orc:2    | Bought the ring of Plog {rElec rC+ Str+3 SInv Stlth-} for
                  | 572 gold pieces
 25344 | Orc:2    | Bought a pair of runed gloves for 225 gold pieces
 25344 | Orc:2    | Bought a glowing helmet for 225 gold pieces
 25344 | Orc:2    | Bought a jewelled hat for 270 gold pieces
 25344 | Orc:2    | Identified the +0 hat of Dramatic Exits {rF+ Dex+3} (You
                  | bought it in a shop on level 2 of the Orcish Mines)
 25951 | Orc:1    | Found an ornate altar of the Wu Jian Council.
 25952 | Orc:1    | Found a transporter.
 25975 | Orc:1    | Found a transporter.
 25982 | Orc:1    | Found a transporter.
 26002 | Orc:1    | Found a transporter.
 26003 | Orc:1    | Found an ornate altar of the Wu Jian Council.
 26003 | Orc:1    | Noticed an orc warlord
 26153 | Orc:1    | Bought 2 potions of heal wounds for 140 gold pieces
 26153 | Orc:1    | Bought a potion of might for 56 gold pieces
 26153 | Orc:1    | Bought a potion of haste for 140 gold pieces
 26153 | Orc:1    | Bought a potion of heal wounds for 70 gold pieces
 26289 | Orc:1    | Killed an orc warlord
 26695 | D:11     | Reached skill level 10 in Spellcasting
 26768 | D:12     | Reached skill level 10 in Dodging
 27027 | D:12     | Reached XP level 15. HP: 105/117 MP: 29/29
 27214 | D:12     | Found Sunak's General Store.
 27229 | D:12     | Found a runed translucent door.
 27231 | D:12     | Noticed Zoegat's ghost (journeyman MiAK)
 27233 | D:12     | Identified the +11 spear "Newt's Nightmare" {vorpal, Str+4}
 27331 | D:12     | Learned a level 3 spell: Tukima's Dance
 28616 | D:13     | Found a sacrificial altar of Ru.
 28974 | D:13     | Found Ucimy's Book Shoppe.
 28982 | D:13     | Bought a book of the Wilderness for 684 gold pieces
 29014 | D:13     | Acquired the ring of Ubiduv {+Blink rElec rN+ Int+6}
 29103 | D:13     | Reached skill level 1 in Summonings
 29243 | D:13     | Found a gate to the Vaults.
 29256 | D:13     | Identified the +7 falchion of the Soft God {flame, +Blink
                  | rPois Str-2 Stlth+}
 29415 | D:14     | Noticed Azrael
 29438 | D:14     | Noticed Nessos
 29441 | D:14     | Reached skill level 5 in Maces & Flails
 29541 | D:13     | Bought a book of Misfortune for 648 gold pieces
 29547 | D:13     | Learned a level 5 spell: Yara's Violent Unravelling
 29661 | D:13     | Reached skill level 1 in Transmutations
 30257 | D:13     | Killed Azrael
 30387 | D:14     | Paralysed by Nessos for 4 turns
 30395 | D:14     | Killed Nessos
 31634 | D:14     | Found the +4 Cigotuvi's embrace {rMiasma Drain rN+}
 31798 | D:15     | Entered Level 15 of the Dungeon
 32126 | D:15     | Noticed a fenstrider witch
 32133 | D:15     | Noticed a shadow dragon
 32160 | D:15     | Noticed an acid blob
 32160 | D:15     | an alligator snapping turtle changed into an acid blob
 32170 | D:15     | Noticed a rockslime
 32170 | D:15     | an acid blob changed into a rockslime
 32173 | D:15     | Noticed a juggernaut
 32173 | D:15     | a rockslime changed into a juggernaut
 32183 | D:15     | Noticed a titan
 32183 | D:15     | a juggernaut changed into a titan
 32185 | D:15     | Killed a titan
 32186 | D:15     | Gained mutation: You have a tail ending in a sharp stinger.
                  | [demonic ancestry]
 32186 | D:15     | Reached XP level 16. HP: 126/126 MP: 21/30
 32898 | D:15     | Found a staircase to the Depths.
 33222 | Spider:1 | Entered Level 1 of the Spider Nest
 33342 | Spider:1 | Noticed Agnes
 33350 | Spider:1 | Killed Agnes
 34194 | Spider:2 | Identified the +1 tower shield of Divine Compulsion {rCorr}
 34194 | Spider:2 | Noticed Louise
 34241 | Spider:2 | Killed Louise
 37576 | Spider:4 | Entered Level 4 of the Spider Nest
 37611 | Spider:4 | Noticed Arachne
 37829 | Spider:3 | HP: 3/116 [Arachne/poison arrow (9)]
 37830 | Spider:2 | Succumbed to Arachne's poison arrow

Illustrated notes

Levels and vault maps discovered:
D:1:      nicolae_arrival_memento_mori, layout_loops_ring,
          ebering_ecumenical_altar_webs
D:2:      layout_rooms
D:3:      layout_loops_ring, gammafunk_ghost_arena, serial_shops, shop,
          nicolae_shop_advertising_works [nicolae_subvault_shop_adworks],
          fountainhead
D:4:      layout_cave_pools, lemuel_round_altar, bloody_makhleb,
          minmay_temple_entry_glass, uniq_pikel, uniq_natasha, uniq_menkaure
D:5:      layout_loops_ring, elyvilon_altar_3, amethyst_overflow_temple_binary,
          uniq_duvessa
D:6:      layout_cave_pools, serial_bayou_lagoon_a, kennysheep_generic_room_14
D:7:      layout_cave_pools, lemuel_tele_altar, serial_shops,
          nicolae_shop_behind_doors, kennysheep_mini, nicolae_shop_crystal,
          minmay_fractal_squares_gapless_5
D:8:      layout_cave_pools, corner_web_ring
D:9:      layout_stronghold, nzn_overflow_gifts_of_might_and_magic,
          kennysheep_mini_moat, grunt_nemelex_the_gamble,
          nicolae_qazlal_style_of_elements, mainiacjoe_overflow_boulevard,
          dpeg_oklobed_lair, ebering_ghost_rock_garden
D:10:     layout_basic, mainiacjoe_overflow_alcove_2, kennysheep_generic_room_2
D:11:     layout_roguey, zombieorc2_lemuel
D:12:     minmay_bubble_buster, layout_basic, ebering_ghost_funeral_grove,
          serial_shops, shop, st_stairs_13
D:13:     layout_basic, grunt_vaults_entry_tiered, serial_shops, shop,
          nicolae_ru_great_annihilating_truth
D:14:     layout_cave_pools, roderic_serpentine_path,
          hellmonk_guarded_unrand_cigotuvi, uniq_azrael, uniq_nessos
D:15:     gammafunk_enter_depths_forms, layout_grid_maze, minivault_4
Lair:1:   layout_regular_city, st_stairs_8
Lair:2:   layout_cave_shapes, minmay_shoals_entry_beasts,
          spider_nest_entry_web_field, grunt_forest_small_clearings, uniq_harold
Lair:3:   layout_roguey, grunt_megastairs_4, lemuel_fruit_tree,
          infiniplex_staircase_pool_2
Lair:4:   beast_lair_carwin_large_1, layout_cave_shapes, serial_bayou_shore_b,
          infiniplex_staircase_pool
Lair:5:   minmay_lair_end_frog_pond, layout_cave_shapes,
          dpeg_slime_entry_enclosed
Spider:1: layout_spider_delve, uniq_agnes
Spider:2: layout_spider_delve, uniq_louise
Spider:3: nicolae_orb_stairs_large
Spider:4: johnstein_spider_rune_arachne_lair
Orc:1:    dreamdust_wu_jian_sword_trials, layout_diamond_mine, uniq_jorgrun
Orc:2:    st_orc_open, layout_diamond_mine, gauntlet_entry_generic

Skill      XL: |  1  2  3  4  5  6  7  8  9 10 11 12 13 14 15 16 |
---------------+-------------------------------------------------+-----
Stealth        | 2 3 4 5 6 7 8 9 10 11 12 | 12.5
Dodging        | 2 3 4 5 7 8 9 10 11 | 11.6
Fighting       | 1 2 3 4 5 6 7 8 9 10 11 12 | 12.4
Hexes          | 1 2 3 4 5 6 7 |  7.0
Shields        | 1 2 3 4 5 |  5.0
Spellcasting   | 3 4 5 7 8 9 10 11 | 11.4
Conjurations   | 5 6 7 8 9 10 11 | 11.7
Translocations | 1 2 3 4 6 7 8 9 |  9.0
Armour         | 1 2 3 |  3.0
Maces & Flails | 4 5 7 |  7.2
Summonings     | 2 4 |  4.8
Transmutations | 3 4 |  4.3

Action                   |  1- 3 |  4- 6 |  7- 9 | 10-12 | 13-15 | 16-18 || total
-------------------------+-------+-------+-------+-------+-------+-------++-------
Melee: Club              |     4 |       |       |       |       |       ||     4
       Dagger            |    17 |     7 |    33 |       |    97 |    17 ||   171
       Short sword       |       |       |   104 |   183 |       |       ||   287
       Tailslap          |       |       |       |     5 |   111 |    43 ||   159
       Rapier            |       |       |       |    13 |    93 |       ||   106
       Demon whip        |       |       |       |       |   330 |   175 ||   505
       Flail             |       |       |       |       |    17 |    30 ||    47
       Spear             |       |       |       |       |     5 |    16 ||    21
       Punch             |       |       |       |       |       |     3 ||     3
Throw: Throwing net      |       |       |     2 |     2 |    10 |     2 ||    16
       Dart              |       |       |     1 |       |       |     3 ||     4
 Cast: Magic Dart        |    54 |    17 |    36 |   116 |   111 |    30 ||   364
       Searing Ray       |    11 |    18 |    60 |   224 |   226 |    52 ||   591
       Dazzling Flash    |     1 |       |    28 |    50 |    32 |     1 ||   112
       Iskenderun's Myst |       |       |       |    17 |   240 |    96 ||   353
       Fulminant Prism   |       |       |       |     9 |   169 |    74 ||   252
       Tukima's Dance    |       |       |       |       |     2 |       ||     2
       Yara's Violent Un |       |       |       |       |     1 |       ||     1
Invok: Potion Petition   |       |       |       |     1 |       |     4 ||     5
       Call Merchant     |       |       |       |       |     1 |       ||     1
Evoke: Wand              |       |       |     1 |     1 |     6 |    10 ||    18
       Phial of floods   |       |       |       |       |       |     1 ||     1
       Condenser vane    |       |       |       |       |       |     1 ||     1
  Use: Scroll            |       |     9 |    11 |    12 |    12 |    11 ||    55
       Potion            |       |       |       |     2 |     6 |    16 ||    24
 Stab: Sleeping          |     3 |     3 |     3 |     4 |     6 |       ||    19
       Invisible         |       |       |     6 |    11 |     6 |     5 ||    28
       Held in net/web   |       |       |     1 |       |     2 |       ||     3
       Petrified         |       |       |       |       |     1 |       ||     1
       Distracted        |       |       |       |       |     6 |     3 ||     9
       Paralysed         |       |       |       |       |     5 |     3 ||     8
Armor: Robe              |       |     1 |    15 |       |       |       ||    16
       Troll leather arm |       |       |    47 |   247 |   285 |   234 ||   813
Dodge: Dodged            |    25 |    10 |   138 |   456 |   463 |   356 ||  1448
Block: Other             |    10 |     1 |     7 |       |       |    74 ||    92
       Buckler           |       |       |   104 |   541 |   576 |    55 ||  1276
